 Dungeon Crawl Stone Soup version 0.25.1-8-g42b30a86e7 (webtiles) character file.

Game seed: 11070416460464630639

242 Abzac the Charmwright (level 5, -1/46 HPs)
             Began as a Draconian Skald on Dec 16, 2020.
             Slain by an iguana (11 damage)
             ... on level 4 of the Dungeon.
             The game lasted 00:21:22 (3943 turns).

Abzac the Charmwright (Draconian Skald)             Turns: 3943, Time: 00:21:22

Health: -1/46      AC:  6    Str: 14    XL:     5   Next: 81%
Magic:  6/8        EV: 12    Int: 14    God:
Gold:   104        SH:  0    Dex: 10    Spells: 7/8 levels left

rFire    . . .     SeeInvis .   d - +1 spear (vamp)
rCold    . . .     Gourm    .   (no shield)
rNeg     . . .     Faith    .   (armour unavailable)
rPois    .         Spirit   .   (helmet restricted)
rElec    .         Reflect  .   (no cloak)
rCorr    .         Harm     .   e - +0 pair of gloves
MR       .....                  (no boots)
Stlth    +.........             (no amulet)
HPRegen  0.15/turn              (no ring)
MPRegen  0.11/turn              (no ring)

@: no status effects
A: unfitting armour, cold-blooded, AC +5
a: no special abilities


You were on level 4 of the Dungeon.
You were not hungry.

You visited 1 branch of the dungeon, and saw 4 of its levels.

You collected 104 gold pieces.

Inventory:

Hand Weapons
 a - a +0 short sword
 d - a +1 vampiric spear (weapon)
 o - a +0 short sword
Armour
 e - a +0 pair of gloves (worn)
 i - a cursed +0 ring mail
 j - a +0 ring mail
 l - a +0 pair of gloves
 s - a +0 chain mail
 u - a +0 robe
Wands
 q - a wand of polymorph (7)
Scrolls
 b - a scroll of immolation {unknown}
 f - 4 scrolls of remove curse {unknown}
 m - 4 scrolls of teleportation {unknown}
 n - a scroll of identify
Potions
 g - a potion of curing {unknown}
 h - 2 potions of degeneration {unknown}
 k - a potion of haste {unknown}
 p - a potion of mutation {unknown}
 v - a potion of invisibility {unknown}
Comestibles
 c - 13 rations
 t - a chunk of flesh


   Skills:
 + Level 3.9 Fighting
 - Level 3.2 Short Blades
 - Level 1.3 Polearms
 - Level 2.1 Dodging
 + Level 2.4 Spellcasting
 + Level 4.2 Charms


You had 7 spell levels left.
You knew the following spells:

 Your Spells              Type           Power        Failure   Level  Hunger
a - Infusion              Chrm           ##..         4%          1    #......

Your spell library contained the following spells:

 Spells                   Type           Power        Failure   Level  Hunger
 Song of Slaying          Chrm           ##......     6%          2    ###....
 Shroud of Golubria       Chrm/Tloc      #.....       14%         2    ###....
 Ozocubu's Armour         Chrm/Ice       #.......     28%         3    ###....
 Spectral Weapon          Hex/Chrm       #.......     28%         3    ###....


Dungeon Overview and Level Annotations

Branches:
Dungeon (4/15)
 Temple: D:4-7

Altars:
Ashenzari
Elyvilon
Fedhas

Annotations:
D:2 exclusion: oklob plant
D:3 4 runed translucent doors, Crazy Yiuf; OneTabMan's ghost, amateur DDFi


Innate Abilities, Weirdness & Mutations

Your plain brown scales are hard. (AC +5)
You cannot fit into any form of body armour.
You are cold-blooded and may be slowed by cold attacks.


Message History

* * * LOW HITPOINT WARNING * * *
You feel sick.
You are no longer poisoned.
The iguana hisses menacingly.
Your magical infusion is running out.
You see here 21 stones.
You are too injured to fight recklessly!
You hit the iguana.
You feel better.
You tail-slap the iguana, but do no damage.
The iguana is heavily wounded.
The iguana barely misses you.
You hit the iguana.
The iguana is severely wounded.
You are no longer magically infusing your attacks.
The iguana bites you.
* * * LOW HITPOINT WARNING * * *
You barely miss the iguana.
Your tail-slap misses the iguana.
The iguana is severely wounded.
The iguana bites you!
You die...

#.# # #.# # #.#
#.# #.# #(# #.#
#l# #@# ### #.#
#.> #.## #.# #..#
#.# ##.# #.# #.#
#.# ### #.# #.##
#..
#.####..#######.#
#..........)))...


You could see an iguana.

Vanquished Creatures
  An orc priest (D:4)
  An orc wizard (D:3)
  Robin (D:3)
  6 adders
  2 oozes
  2 worms
  4 dart slugs
  4 leopard geckos
  14 orcs
  A bat (D:1)
  A giant cockroach (D:3)
  17 goblins
  4 hobgoblins
  2 jackals (D:3)
  8 kobolds
  3 quokkas
  6 frilled lizards
  10 rats
87 creatures vanquished.

Vanquished Creatures (others)
  15 toadstools (D:2)
15 creatures vanquished.

Grand Total: 102 creatures vanquished

Notes
Turn   | Place    | Note
-------+----------+-------------------------------------------
     0 | D:1      | Abzac the Draconian Skald began the quest for the Orb.
     0 | D:1      | Reached XP level 1. HP: 17/17 MP: 3/3
   220 | D:1      | Reached XP level 2. HP: 25/25 MP: 5/5
   323 | D:1      | Reached skill level 3 in Charms
   727 | D:2      | Reached XP level 3. HP: 20/30 MP: 2/6
  1622 | D:2      | Found a shattered altar of Ashenzari.
  1713 | D:2      | Reached XP level 4. HP: 38/38 MP: 7/7
  1730 | D:2      | Found a white marble altar of Elyvilon.
  1827 | D:2      | Found a blossoming altar of Fedhas.
  1839 | D:2      | Noticed an oklob plant
  2117 | D:3      | Noticed Robin
  2138 | D:3      | Killed Robin
  2543 | D:3      | Reached skill level 1 in Polearms
  2543 | D:3      | Reached XP level 5. HP: 42/45 MP: 0/8
  2748 | D:3      | Found a runed translucent gate.
  2748 | D:3      | Found a runed translucent gate.
  2748 | D:3      | Found a runed translucent gate.
  3339 | D:3      | Noticed OneTabMan's ghost (amateur DDFi)
  3391 | D:3      | Found a runed translucent door.
  3392 | D:3      | Noticed Crazy Yiuf
  3432 | D:4      | Reached skill level 4 in Charms
  3943 | D:4      | Slain by an iguana

Illustrated notes

Levels and vault maps discovered:
D:1:      lightli_arrival_maybe_door_vault, layout_basic, fountainhead,
          nrook_mini_vaults
D:2:      layout_loops_cross, tgw_fedhas, ashenzari_altar_1, elyvilon_altar_5,
          minmay_bisected
D:3:      layout_loops_ring, first_ration, gammafunk_ghost_icy, dk_vineyard_1,
          uniq_crazy_yiuf_cottage, uniq_robin
D:4:      minmay_skewed_foursquare, layout_loops_ring, gammafunk_ghost_grave

Skill      XL: |  1  2  3  4  5 |
---------------+----------------+-----
Charms         | 3 4 |  4.2
Fighting       | 3 |  3.9
Short Blades   | 3 |  3.2
Polearms       | 1 |  1.3
Dodging        | |  2.1
Spellcasting   | |  2.4

Action                   |  1- 3 |  4- 6 || total
-------------------------+-------+-------++-------
Melee: Short sword       |   105 |    48 ||   153
       Tailslap          |    11 |    20 ||    31
       Spear             |       |   174 ||   174
       Unarmed           |       |     7 ||     7
 Cast: Infusion          |     5 |     7 ||    12
  Use: Potion            |       |     3 ||     3
       Scroll            |       |     1 ||     1
  Eat: Chunk             |     2 |     8 ||    10
Armor: Skin              |    29 |    57 ||    86
Dodge: Dodged            |    68 |   116 ||   184
